Map: Traitor's Exile

Players

LargeBee

  • Race: Protoss Protoss
  • League: Platinum
  • Spawn Location: 12:00

soup

  • Race: Protoss Protoss
  • League: Gold
  • Spawn Location: 9:00

MonstroTown - Winner!

  • Race: Terran Terran
  • Spawn Location: 5:00

Michael - Winner!

  • Race: Zerg Zerg
  • League: Gold
  • Spawn Location: 6:00

VOD

Have the link to the VOD?

Description

Time

  • Played on: Oct. 1, 2018, 6:11 p.m.
  • Length: 17:52
Show
View Real Time Build Order
Export as new Build Order

LargeBee Protoss 

Build Orders:  

Get SALT Encoding   

  12  0:01  Probe  
  13  0:13  Probe  
  14  0:19  Pylon  
  14  0:25  Probe  
  15  0:38  Gateway  
  15  0:43  Probe, Assimilator  
  16  0:51  Probe  
  17  1:00  Probe  
  18  1:06  Gateway  
  18  1:15  Probe  
  19  1:26  Cybernetics Core  
  19  1:27  Zealot  
  19  1:29  Probe  
  22  1:37  Probe  
  23  1:49  Pylon  
  23  1:53  Warp Gate  
  23  2:01  Gateway  
  23  2:09  Zealot  
  25  2:24  Twilight Council, Probe  
  25  2:27  Assimilator  
  26  2:35  Zealot  
  28  2:44  Stalker  
  30  2:58  Probe, Forge  
  31  3:06  Pylon  
  31  3:07  Charge  
  31  3:40  Nexus  
  31  3:41  Pylon  
  31  3:52  Protoss Ground Weapons Level 1  
  31  3:56  Probe  
  32  4:08  Probe  
  33  4:11  Stalker  
  33  4:13  Zealot  
  37  4:20  Probe  
  36  4:36  Probe  
  35  4:39  Zealot x3  
  35  4:44  Probe  
  42  4:50  Photon Cannon  
  43  4:53  Probe  
  43  4:54  Probe  
  45  5:10  Gateway  
  45  5:13  Zealot, Probe  
  47  5:17  Probe  
  49  5:25  Probe  
  50  5:32  Photon Cannon  
  38  6:21  Zealot x2  
  38  6:22  Zealot  
  38  6:27  Gateway  
  38  6:28  Gateway  
  38  6:56  Zealot x2  
  38  6:57  Zealot x2  
  44  7:02  Probe  
  44  7:04  Robotics Facility  
  44  7:05  Assimilator  
  44  7:06  Probe  
  46  7:09  Assimilator  
  46  7:10  Probe  
  46  7:15  Nexus  
  47  7:17  Pylon  
  47  7:18  Probe  
  47  7:19  Pylon  
  47  7:20  Probe  
  49  7:30  Probe  
  49  7:32  Probe  
  49  7:36  Zealot x2  
  55  7:37  Zealot  
  55  7:39  Stargate  
  55  7:40  Stargate  
  43  7:54  Zealot  
  43  7:55  Zealot x2  
  43  8:11  Void Ray x2  
  44  9:07  Immortal  
  44  9:14  Zealot x2  
  44  9:35  Zealot x2  
  48  10:01  Immortal  
  48  10:07  Zealot x2  
  52  10:35  Protoss Ground Armor Level 1  
  52  10:39  Pylon  
  52  10:42  Pylon  
  50  10:47  Stalker x2, Pylon  
  54  11:15  Stalker x5  
  54  11:16  Stalker  
  66  11:36  Void Ray  
  66  11:37  Pylon  
  66  11:40  Pylon  
  66  11:41  Assimilator  
  66  11:45  Assimilator  
  70  11:53  Observer  
  71  12:08  Stalker  
  71  12:09  Zealot x3  
  71  12:10  Zealot x2  
  71  12:12  Probe  
  71  12:14  Observer  
  83  12:20  Probe  
  85  12:28  Void Ray  
  90  12:30  Probe  
  90  12:34  Zealot  
  93  12:41  Immortal  
  97  12:52  Stalker  
  97  12:58  Protoss Ground Weapons Level 2  
  99  13:03  Stalker  
  99  13:04  Probe, Stalker  
  104  13:13  Probe  
  104  13:16  Pylon  
  105  13:22  Probe  
  104  13:34  Probe  
  104  13:38  Warp Prism  
  99  13:44  Zealot x3  
  99  13:45  Zealot x3  
  111  13:54  Probe  
  113  14:02  Probe  
  115  14:12  Zealot  
  117  14:21  Dark Shrine  
  117  14:56  Pylon  
  117  14:57  Pylon  
  117  15:00  Pylon  
  117  15:14  Void Ray x2  
  125  15:15  Probe  
  125  15:17  Pylon  
  126  15:23  Zealot x3, Pylon  
  126  15:24  Zealot x2  
  126  15:25  Zealot  
  126  15:27  Probe, Pylon  
  137  15:56  Dark Templar x4  
  143  15:57  Dark Templar  
  121  16:35  Zealot x3  
  121  16:36  Zealot x2  
  109  16:53  Stalker  
  91  16:55  Nexus  
  91  17:01  Zealot, Warp Prism  
  49  17:02  Zealot x4  
  44  17:35  Zealot x3  
  44  17:36  Zealot x3  
Show
View Real Time Build Order
Export as new Build Order

soup Protoss 

Build Orders:  

Get SALT Encoding   

  12  0:01  Probe  
  13  0:16  Pylon  
  13  0:18  Probe  
  14  0:34  Gateway  
  15  0:35  Probe  
  15  0:44  Assimilator  
  15  0:47  Probe  
  16  0:59  Probe  
  16  1:01  Gateway  
  17  1:07  Probe  
  18  1:23  Cybernetics Core  
  18  1:25  Probe  
  19  1:36  Assimilator  
  19  1:38  Probe  
  20  1:41  Pylon  
  20  1:47  Zealot  
  20  1:50  Probe  
  20  1:51  Warp Gate  
  23  2:06  Pylon  
  24  2:08  Probe  
  26  2:20  Probe  
  27  2:30  Stalker  
  26  2:48  Stalker  
  28  2:53  Nexus  
  28  2:56  Probe  
  29  3:04  Pylon  
  29  3:08  Probe  
  29  3:10  Stalker  
  32  3:25  Gateway  
  32  3:29  Stalker  
  34  3:40  Twilight Council  
  34  3:41  Probe  
  35  3:53  Probe  
  36  4:01  Gateway  
  36  4:05  Probe  
  37  4:14  Stalker x2  
  39  4:25  Charge  
  37  4:37  Probe  
  37  4:38  Probe  
  39  4:44  Pylon  
  39  4:49  Probe  
  39  4:50  Robotics Facility  
  40  4:54  Assimilator  
  40  5:04  Stalker  
  40  5:05  Sentry  
  44  5:09  Probe x2  
  46  5:19  Stalker  
  48  5:24  Stalker  
  48  5:27  Stalker  
  52  5:32  Stalker  
  54  5:40  Observer, Assimilator  
  43  6:23  Immortal  
  35  6:36  Stalker x2  
  35  6:37  Stalker x2  
  47  6:42  Probe x2  
  47  6:45  Gateway  
  49  6:48  Gateway  
  49  6:51  Robotics Facility  
  49  6:53  Immortal  
  49  6:54  Probe x2  
  55  7:14  Sentry  
  57  7:17  Probe  
  57  7:19  Probe  
  59  7:25  Probe  
  60  7:31  Probe  
  60  7:34  Probe, Forge  
  60  7:35  Forge  
  61  7:37  Zealot x3  
  68  7:44  Stalker  
  70  8:00  Probe  
  70  8:02  Stalker  
  69  8:12  Probe  
  70  8:22  Pylon  
  70  8:24  Pylon  
  70  8:30  Pylon x2  
  70  8:38  Shield Battery  
  56  9:00  Immortal x2  
  56  9:02  Stalker x3  
  62  9:03  Stalker  
  62  9:05  Stalker  
  50  9:35  Stalker  
  50  9:36  Stalker x2  
  55  9:39  Stalker  
  55  9:40  Stalker x2  
  29  10:07  Stalker  
  29  10:08  Stalker  
  29  10:09  Stalker  
  29  10:10  Stalker x3  
  31  10:40  Blink  
  29  10:51  Stalker  
  29  10:52  Stalker  
  33  11:35  Nexus  
  33  11:39  Pylon  
  33  11:40  Probe  
  33  11:41  Protoss Ground Weapons Level 1  
  33  11:43  Protoss Ground Armor Level 1  
  34  11:48  Probe  
  35  11:57  Probe  
  35  11:59  Stalker x2  
  40  12:05  Probe  
  40  12:13  Probe  
  42  12:24  Probe  
  43  12:36  Probe  
  44  12:41  Immortal  
  48  12:51  Probe  
  48  12:55  Probe  
  50  13:00  Probe  
  51  13:09  Probe  
  51  13:12  Probe  
  53  13:21  Probe  
  53  13:24  Probe  
  55  13:32  Nexus  
  55  13:46  Immortal  
  55  13:48  Probe  
  60  13:53  Probe  
  61  13:56  Pylon  
  61  14:00  Probe  
  62  14:05  Probe  
  63  14:16  Probe  
  64  14:43  Zealot x5  
  64  14:44  Zealot  
  64  14:45  Nexus  
  76  14:51  Protoss Ground Armor Level 2  
  76  14:57  Pylon  
  76  15:00  Probe x2  
  78  15:27  Stalker x2  
  82  15:28  Stalker x2  
  82  15:29  Stalker  
  82  15:30  Stalker  
  90  15:41  Probe  
  88  15:53  Probe  
  88  15:57  Zealot x5  
  99  16:04  Sentry  
  99  16:05  Probe  
  102  16:12  Probe  
  103  16:20  Probe  
  103  16:22  Nexus  
  48  17:05  Zealot x5  
  48  17:06  Zealot  
  41  17:25  Stalker  
  41  17:26  Stalker x2  
  41  17:28  Stalker  
  41  17:29  Stalker x2  
Show
View Real Time Build Order
Export as new Build Order

MonstroTown Terran - Winner!

Build Orders:  

Get SALT Encoding   

  12  0:01  SCV  
  13  0:13  SCV  
  14  0:18  Supply Depot  
  14  0:25  SCV  
  15  0:40  SCV  
  15  0:42  Barracks  
  16  0:52  SCV  
  16  0:53  Refinery  
  17  1:04  SCV  
  18  1:11  Barracks  
  18  1:17  SCV  
  19  1:33  Orbital Command  
  19  1:37  Reaper  
  20  2:02  Supply Depot  
  20  2:05  Refinery  
  20  2:15  Barracks Tech Lab  
  20  2:16  Marine  
  20  2:19  SCV  
  22  2:25  Factory  
  22  2:27  Supply Depot, Barracks  
  22  2:31  SCV  
  23  2:40  Marine  
  24  2:49  Marauder  
  26  2:53  SCV  
  26  2:58  Marine  
  28  3:05  SCV  
  28  3:10  Marine, Factory Tech Lab  
  29  3:15  Stimpack, Marine  
  29  3:17  SCV  
  31  3:25  Starport  
  31  3:26  Supply Depot  
  31  3:36  Marine x2  
  33  3:42  Marine  
  33  3:44  Siege Tank  
  37  3:53  SCV  
  38  3:55  Marine  
  38  3:56  Marine  
  39  4:23  Marine  
  39  4:24  Siege Tank, Marauder, Marine  
  38  4:45  Barracks Reactor  
  38  4:46  Marauder  
  38  4:51  SCV, Supply Depot  
  41  4:53  Command Center  
  41  5:00  Siege Tank  
  41  5:06  Medivac  
  46  5:08  Marine  
  47  5:21  Marauder  
  49  5:23  Marine  
  49  5:24  Marine  
  49  5:26  SCV, Marine  
  53  5:31  Supply Depot  
  53  5:53  Siege Tank  
  49  6:13  Marine x3  
  49  6:14  Marauder  
  49  6:15  Medivac  
  47  6:31  Marine x2  
  47  6:33  Marine  
  47  6:36  Marauder  
  47  6:37  Orbital Command  
  47  6:39  SCV  
  51  6:41  Supply Depot  
  51  6:49  Medivac, Marine x2  
  51  6:51  SCV, Marine  
  57  7:04  Marine  
  57  7:07  Marine  
  59  7:09  Marine  
  59  7:15  Engineering Bay x2, SCV x2  
  62  7:31  Marine  
  62  7:32  Marine x3  
  66  7:50  Marauder  
  63  8:01  Marine  
  63  8:02  Marine x2  
  64  8:07  Barracks  
  64  8:09  Barracks  
  64  8:10  SCV  
  64  8:11  Barracks  
  64  8:12  Marauder  
  67  8:14  Supply Depot  
  67  8:19  Marine x2  
  69  8:33  Marauder  
  68  8:55  Marauder  
  67  9:05  Marine x3  
  70  9:15  Marine  
  70  9:16  Marine x2  
  70  9:17  Marine  
  73  9:18  Medivac  
  73  9:30  Marine x3  
  72  9:33  Siege Tank  
  72  9:34  Marauder, Marine x3  
  76  9:48  SCV x2, Medivac, Marine x3  
  76  9:52  Marine x2  
  85  9:54  Refinery  
  85  9:55  Marauder  
  84  10:00  SCV  
  84  10:01  SCV  
  84  10:09  Marine x4  
  84  10:13  SCV x2  
  87  10:16  Marauder  
  87  10:18  Medivac  
  89  10:25  SCV  
  80  10:36  Terran Infantry Armor Level 1, Terran Infantry Weapons Level 1  
  69  10:42  Supply Depot  
  58  11:08  Barracks Reactor  
  43  11:36  Marine x2  
  43  11:39  Siege Tank  
  48  11:49  Marine x3  
  48  11:53  Armory  
  51  11:56  Refinery  
  51  12:07  Barracks Tech Lab  
  53  12:11  Siege Tank, Command Center  
  53  12:15  Barracks Reactor  
  55  12:18  Barracks Reactor x2  
  54  12:25  SCV x2  
  54  12:27  Marine  
  54  12:28  Marine x2  
  54  12:29  Medivac  
  61  12:37  SCV x2  
  61  12:38  Factory x2, Marine  
  64  12:46  Siege Tank  
  64  12:50  Marine x2  
  69  12:56  Marine  
  69  12:57  Marine  
  71  13:16  Terran Infantry Armor Level 2, Terran Infantry Weapons Level 2  
  71  13:18  Refinery  
  71  13:22  Supply Depot, Refinery  
  71  13:25  Siege Tank  
  71  13:26  Marine  
  71  13:27  Marine x2  
  77  13:43  Factory Reactor  
  77  13:44  Widow Mine  
  77  13:47  Marine x5  
  77  13:48  Marine x5  
  87  13:55  Missile Turret  
  89  13:57  Siege Tank, SCV x2  
  89  14:00  Orbital Command  
  94  14:06  Marine x3  
  94  14:07  Marine x5  
  94  14:09  SCV  
  103  14:19  Starport Reactor  
  103  14:26  Marine x6  
  103  14:29  Thor  
  115  14:32  Terran Vehicle Weapons Level 1  
  115  14:39  Marine x3  
  115  14:40  Marauder  
  120  14:55  SCV x2, Marine x2  
  120  14:56  Marine  
  125  15:00  Supply Depot  
  125  15:22  Marine x7  
  125  15:23  Marine  
  130  15:35  Marine  
  130  15:36  Marine  
  130  15:39  Marine x5  
  130  15:40  Marine x2  
  130  15:41  Marine  
  120  15:53  Marine  
  120  15:54  Marine  
  119  16:18  Marine x2  
  119  16:19  Marine x7  
  119  16:20  Medivac x2  
  132  16:44  Supply Depot x2  
  132  16:46  Supply Depot  
  132  16:47  Supply Depot  
  132  16:49  Supply Depot x2  
  132  16:51  Supply Depot  
  111  16:54  Marine  
  111  16:55  Marine x2  
  111  16:56  Marine x4  
  111  16:57  Marine  
  111  16:58  Marine  
  110  17:05  Marine  
  110  17:08  Medivac  
  113  17:12  Marine  
  113  17:13  Marine x3  
  113  17:14  Marine x3  
  113  17:15  Marine  
  116  17:16  Marine  
  117  17:23  Marine  
  118  17:30  Marine  
Show
View Real Time Build Order
Export as new Build Order

Michael Zerg - Winner!

Build Orders: Pool First 

Get SALT Encoding   

  12  0:01  Drone  
  13  0:13  Overlord  
  13  0:18  Drone  
  14  0:31  Drone x2  
  16  0:36  Drone  
  16  0:40  Extractor  
  16  0:46  Drone  
  17  0:53  Spawning Pool  
  17  0:56  Drone  
  17  1:07  Drone  
  18  1:25  Hatchery  
  18  1:28  Drone  
  18  1:40  Queen  
  18  1:44  Zergling x2  
  18  1:46  Zergling x2  
  22  1:55  Metabolic Boost  
  22  2:14  Overlord  
  22  2:25  Roach Warren  
  22  2:27  Drone  
  22  2:28  Overlord  
  22  2:34  Zergling x2  
  23  2:41  Queen  
  25  2:50  Spine Crawler  
  24  3:03  Queen  
  24  3:05  Drone  
  27  3:11  Drone  
  28  3:13  Drone  
  28  3:17  Drone  
  30  3:28  Queen  
  30  3:31  Zergling x2  
  33  3:37  Zergling x2  
  33  3:38  Zergling x2  
  33  3:40  Zergling x2  
  36  3:51  Lair  
  36  3:55  Drone x2  
  38  3:59  Drone  
  33  4:32  Drone  
  33  4:33  Drone x9  
  42  4:41  Roach  
  42  4:42  Overlord x2  
  44  4:52  Overlord  
  44  4:53  Overlord  
  44  4:57  Extractor  
  43  5:01  Evolution Chamber  
  42  5:09  Drone x2  
  42  5:10  Drone x4  
  48  5:15  Extractor  
  48  5:16  Extractor  
  48  5:18  Spore Crawler  
  45  5:22  Drone x2  
  45  5:23  Drone  
  45  5:24  Spine Crawler  
  47  5:37  Hatchery  
  46  5:47  Glial Reconstitution  
  46  5:48  Hydralisk Den  
  43  5:51  Zerg Ground Armor Level 1  
  43  5:54  Roach x2  
  43  5:56  Roach  
  47  6:06  Roach x3  
  47  6:09  Roach  
  46  6:15  Roach  
  41  6:24  Roach  
  39  6:40  Queen  
  39  6:43  Roach  
  40  7:03  Infestation Pit  
  40  7:05  Drone, Spore Crawler  
  40  7:06  Drone  
  40  7:09  Drone  
  40  7:15  Drone  
  42  7:34  Drone x4  
  44  8:03  Roach x5  
  54  8:22  Ravager  
  54  8:23  Ravager x2  
  54  8:26  Zergling x2  
  54  8:27  Zergling x8  
  62  8:30  Roach  
  62  8:42  Roach x2  
  55  9:09  Zergling x2  
  52  9:10  Zergling x16  
  52  9:54  Drone x5  
  52  9:55  Drone x7  
  42  10:35  Queen  
  42  10:40  Spore Crawler x2  
  42  10:41  Spine Crawler  
  39  10:44  Queen, Spine Crawler  
  39  10:45  Queen  
  39  10:47  Drone x7  
  49  10:54  Extractor  
  49  10:55  Extractor  
  47  11:01  Muscular Augments  
  47  11:03  Zerg Missile Weapons Level 1  
  47  11:14  Hydralisk x3  
  47  11:16  Hydralisk  
  55  11:22  Roach  
  55  11:23  Roach  
  59  11:41  Hydralisk x4  
  59  11:42  Hydralisk  
  69  11:49  Burrow  
  69  11:50  Pneumatized Carapace  
  69  11:52  Roach x6  
  69  11:53  Overlord  
  69  11:54  Overlord x2  
  81  11:56  Overlord  
  81  12:16  Hydralisk x5  
  91  12:31  Hydralisk  
  91  12:32  Hydralisk  
  95  12:45  Hydralisk  
  95  12:51  Drone x3  
  99  12:53  Drone  
  99  12:54  Drone  
  99  12:55  Drone  
  103  13:02  Drone x3  
  103  13:04  Drone x3  
  109  13:10  Hydralisk x2  
  113  13:15  Grooved Spines  
  113  13:18  Zerg Missile Weapons Level 2  
  113  13:22  Hatchery  
  113  13:26  Overlord x2  
  112  13:29  Overlord  
  108  13:36  Hydralisk x2  
  112  13:42  Overseer x2  
  115  13:49  Ravager  
  116  13:56  Ravager  
  117  14:10  Overlord x4  
  132  14:30  Drone x2  
  137  14:33  Drone  
  138  14:39  Hydralisk  
  138  14:41  Hydralisk  
  172  16:05  Hydralisk  
  172  16:06  Hydralisk  
  172  16:07  Overlord x2  
  172  16:08  Overlord x4  
  133  16:55  Hydralisk x8  
  133  16:56  Hydralisk  
  147  17:21  Hydralisk x5  
Tags
 
Add a new tag
Caveats
  • Supply blocks, unpowered buildings, or Contaminate may cause inaccurate times.
  • Supply counts are checked every 10 seconds.